cohdb
Replays
Latest Replays
All Replays
Popular Replays
Top Player Replays
Match Explorer
How It Works
Community
CoH3 Stats
Reddit
Sign in to upload your games and track your stats! →
Sign in with Steam
Match 39558267
Unlisted
Match 39558267
Overview
Messages
Build Orders
End
Construct Infanterie Kompanie
Selects Terror Battlegroup
Selects Machine Gun Camouflage
MG 42 Machine Gun Team
Grenadier Squad
Grenadier Squad
Sniper
Selects Contempt for the Weak
Infanterie Officer Quarters
Construct Panzergrenadier Kompanie
Panzergrenadier Squad
251 Medium Carrier
Pak 40 Anti-tank Gun Team
Selects Defend the Fatherland
Construct Panzer Kompanie
Panzer IV Medium Tank
Stoßtruppen Squad
Panzer IV Medium Tank
Panzer Officer Quarters
Side Skirts
MG 42 Machine Gun Team
Selects King Tiger Heavy Tank
King Tiger Heavy Tank
Pioneer Squad
Sturmpanzer IV Brummbär
장민규
Nashorn101
AstolfOwO
BakonBug
0
0
Comments
sign in to comment!
No comments posted yet!